[Event "16th EWICC 2015"]
[Site "Kutaisi"]
[Date "2015.06.02"]
[Round "6"]
[White "Khomeriki, Ketevan"]
[Black "Tereladze, Sopiko"]
[Result "1-0"]
[ECO "C57"]
[WhiteElo "1861"]
[BlackElo "2128"]
[Annotator "Robot 11"]
[PlyCount "135"]
[EventDate "2015.??.??"]
[EventCountry "GEO"]
[TimeControl "900+10"]

1. e4 e5 2. Nf3 Nc6 3. Bc4 Nf6 4. Ng5 d5 5. exd5 b5 6. Bxb5 Qxd5 7. Bxc6+ Qxc6 8. Qf3 e4 9. Qc3 Qd5 10. d3 exd3 11. O-O Bb7 12. Re1+ Be7 13. Nf3 dxc2 14. Qxc2 Qd6 15. b3 O-O 16. Ba3 c5 17. Nbd2 Rfe8 18.
Rad1 Rac8 19. Nc4 Qf4 20. Bc1 Qg4 21. h3 Qh5 22. Re5 Qg6 23.
Qe2 Bxf3 24. Qxf3 Bf8 25. Rg5 Qc2 26. Ne3 Rxe3 27. Bxe3 Qb2 28. Bc1 Qc2 29. Re1 Kh8 30. Qb7 Rd8 31. Qxf7 Qc3 32. Rge5 Qd4 33. Bg5 Qd6 34. Re6 Qd7 35. Qxd7 Rxd7 36. Bxf6 gxf6 37. Rxf6 Kg7 38. Rfe6 Rd2 39. Ra6 Rd7 40. g4 Be7 41. Kg2 Bf6 42. Ree6 Bd4 43. Red6 Rf7 44. f3 Re7 45. Re6 Rc7 46. f4 Rd7 47. Kf3 Bb2 48. Red6 Re7 49.
g5 Bd4 50. Re6 Rf7 51. Kg4 Rc7 52. f5 Rb7 53. h4 Kf8 54. h5 Rb4 55. Re4 Rb7 56. g6 hxg6 57. fxg6 Kg7 58. Rae6 Bf6 59. Kf5 Bd8 60. Re8 Rd7 61. Rxd8 Rxd8 62. Re7+ Kg8 63. h6 Rc8 64. Rxa7 c4 65. bxc4 Rc5+ 66. Ke6 Rc6+ 67. Kd5 Rxg6 68. Rg7+ 1-0

[Event "16th EWICC 2015"]
[Site "Kutaisi"]
[Date "2015.06.02"]
[Round "6"]
[White "Kosteniuk, Alexandra"]
[Black "Charochkina, Daria"]
[Result "1-0"]
[ECO "B12"]
[WhiteElo "2530"]
[BlackElo "2391"]
[Annotator "Robot 11"]
[PlyCount "81"]
[EventDate "2015.??.??"]
[EventCountry "GEO"]
[TimeControl "900+10"]

1. e4 c6 2. d4 d5 3. e5 Bf5 4. Nf3 e6 5. Be2 Nd7 6. O-O Ne7 7. Nbd2 h6 8.
Nb3 Bg6 9. a4 Nf5 10. a5 Rc8 11. a6 b6 12. c4 Be7 13. Bf4 O-O 14. Qd2 Bh5 15.
cxd5 cxd5 16. Rfc1 Nb8 17. h3 Bxf3 18. Bxf3 Rxc1+ 19. Nxc1 Nc6 20. Ne2 f6 21. Rc1 Na5 22. exf6 Bxf6 23. Qd3 Nc4 24. b3 Ncd6 25. Bg4 Qd7 26. Bxf5 exf5 27. Be5 Bd8 28. Nc3 Ne4 29. Qb5 Qc8 30.
Qxd5+ Kh7 31. Qb7 Bf6 32. Bxf6 Nxf6 33. Qxa7 Nd5 34. Ne2 Qe6 35. Qb7 Qxe2 36. Qxd5 Qxa6 37. Rc7 Rf6 38. Qd7 Rg6 39. Qxf5 Qa1+ 40. Kh2 Qxd4 41. Rc6 1-0

[Event "16th EWICC 2015"]
[Site "Kutaisi"]
[Date "2015.06.02"]
[Round "6"]
[White "Mammadova, Narmin"]
[Black "Gaprindashvili, Nona"]
[Result "1/2-1/2"]
[ECO "B00"]
[WhiteElo "2117"]
[BlackElo "2302"]
[Annotator "Robot 11"]
[PlyCount "91"]
[EventDate "2015.??.??"]
[EventCountry "GEO"]
[TimeControl "900+10"]

1. e4 b6 2. d4 Bb7 3. Bd3 e6 4. Nf3 d6 5. O-O c5 6. c3 g6 7. Bg5 Qc8 8. Nbd2 h6 9. Be3 Nd7 10. Rc1 Ngf6 11. Bb1 g5 12. Ne1 Be7 13. f4 Rg8 14. f5 e5 15. d5 b5 16. c4 b4 17. a3 a5 18. Nd3 Qc7 19. Bc2 Nb6 20. Ra1 Kd7 21. axb4 axb4 22. Qe2 Rxa1 23. Rxa1 Ra8 24. Qd1 Rxa1 25. Qxa1 Qb8 26. Qa5 Qc7 27. Qb5+ Kc8 28. h3 Nbd7 29. Kh2 Bd8 30. g4 Qb6 31. Qxb6 Bxb6 32. Kg3 Bd8 33. b3 Ba6 34. Ne1 Nf8 35. Nef3 N6h7 36. Bb1 Nd7 37. Bc2 Be7 38. Bb1 Kc7 39. Bc2 Nb6 40. Kg2 Bc8 41. Kg3 Bd7 42.
Kg2 Be8 43. Kg3 Nd7 44. Kg2 Ndf6 45. Kg3 Ng8 46. Kg2 1/2-1/2

[Event "16th EWICC 2015"]
[Site "Kutaisi"]
[Date "2015.06.02"]
[Round "6"]
[White "Mammadzada, Gunay"]
[Black "Arakhamia-Grant, Ketevan"]
[Result "0-1"]
[ECO "B07"]
[WhiteElo "2336"]
[BlackElo "2393"]
[Annotator "Robot 11"]
[PlyCount "32"]
[EventDate "2015.??.??"]
[EventCountry "GEO"]
[TimeControl "900+10"]

1. e4 d6 2. d4 Nf6 3. Nc3 Nbd7 4. Nf3 e5 5. Bc4 Be7 6. O-O O-O 7. Re1 c6 8.
a4 exd4 9. Nxd4 Ne5 10. Bf1 Re8 11. h3 Bf8 12. Be3 Ng6 13. Bc4 Qa5 14. Bd2 Qc5 15. a5 Qxc4 16. Ra4 Qc5 0-1

[Event "16th EWICC 2015"]
[Site "Kutaisi"]
[Date "2015.06.02"]
[Round "6"]
[White "Nikoladze, Sopio"]
[Black "Khurtsidze, Nino"]
[Result "1-0"]
[ECO "A46"]
[WhiteElo "2155"]
[BlackElo "2451"]
[Annotator "Robot 11"]
[PlyCount "101"]
[EventDate "2015.??.??"]
[EventCountry "GEO"]
[TimeControl "900+10"]

1. d4 Nf6 2. Nf3 e6 3. e3 c5 4. Bd3 b6 5. c4 Bb7 6. Nc3 Be7 7. O-O O-O 8. d5 exd5 9. cxd5 d6 10. e4 Na6 11. h3 Nb4 12. Bb1 c4 13. Qa4 a5 14. Be3 Nd7 15.
a3 Nc5 16. Bxc5 bxc5 17. Nd2 Ba6 18. axb4 axb4 19. Qc2 bxc3 20.
bxc3 g6 21. Ba2 Bg5 22. f4 Bh6 23. Rad1 Qh4 24. Bxc4 Bxf4 25. Qd3 Bc8 26. Rf3 Bd7 27. g3 Qxh3 28. gxf4 Qg4+ 29. Kf1 Qh5 30. Re1 Bg4 31. Rg3 Qh1+ 32. Rg1 Bh3+ 33. Kf2 Qh2+ 34. Ke3 Bg2 35. Qe2 Qh3+ 36. Kf2 Ra3 37. Nb1 Ra1 38. Rxg2 Qh4+ 39. Ke3 Re8 40. Qf2 Qe7 41. Kd3 Qb7 42. Qc2 Rb8 43. Rgg1 Qe7 44. Nd2 Ra3 45. Rh1 Qf6 46. Ref1 Qd4+ 47. Ke2 Rxc3 48. Qa2 Re3+ 49. Kd1 Rb2 50. Qa8+ Kg7 51. Rxh7+ 1-0

[Event "16th EWICC 2015"]
[Site "Kutaisi"]
[Date "2015.06.02"]
[Round "6"]
[White "Zhukova, Natalia"]
[Black "Petrenko, Svetlana"]
[Result "1-0"]
[ECO "B38"]
[WhiteElo "2456"]
[BlackElo "2207"]
[Annotator "Robot 11"]
[PlyCount "145"]
[EventDate "2015.??.??"]
[EventCountry "GEO"]
[TimeControl "900+10"]

1. c4 c5 2. Nf3 Nc6 3. d4 cxd4 4. Nxd4 g6 5. e4 Bg7 6. Be3 Nf6 7. Nc3 d6 8.
Be2 O-O 9. O-O Bd7 10. Nb3 b6 11. f4 Qc8 12. h3 Na5 13. Nxa5 bxa5 14. Qd2 Bc6 15. Bf3 Nd7 16. Nd5 Re8 17. Qxa5 Bxb2 18. Rab1 Bg7 19. Kh2 Bxd5 20. cxd5 Qc3 21. Qxc3 Bxc3 22. Rfc1 Ba5 23. Rb7 Nc5 24. Bxc5 dxc5 25. Rxc5 Bb6 26. Rc6 Rab8 27. Rxb8 Rxb8 28. e5 Be3 29. Rc4 f6 30. Re4 Bc5 31. Rc4 Be3 32. h4 fxe5 33. fxe5 Rf8 34. Kh3 Bf4 35. Re4 h6 36. Bg4 Kg7 37. g3 Bd2 38. d6 exd6 39. exd6 Ba5 40. Re7+ Kf6 41. Rxa7 Bb4 42. d7 Bd6 43. Be2 Rd8 44. Bb5 g5 45.
Ra6 Ke7 46. hxg5 hxg5 47. Kg4 Rb8 48. a4 Rf8 49. Ra7 Bc5 50.
Rc7 Bb6 51. Rc2 Rf2 52. Rc4 Bd8 53. Kxg5 Kd6+ 54. Kg6 Rf6+ 55.
Kg7 Rf5 56. g4 Rf2 57. Rc6+ Ke7 58. Rc5 Rf7+ 59. Kg6 Rf6+ 60. Kh5 Rf2 61. Re5+ Kd6 62. Re8 Kc7 63. g5 Rg2 64. Rg8 Rh2+ 65. Kg6 Rg2 66. Kf5 Rf2+ 67. Ke6 Rf3 68. g6 Rf6+ 69. Ke5 Rf3 70. g7 Rg3 71. Kf4 Rg2 72.
a5 Rg6 73. a6 1-0

[Event "16th EWICC 2015"]
[Site "Kutaisi"]
[Date "2015.06.02"]
[Round "6"]
[White "Mikadze, Miranda"]
[Black "Vakhania, Alexandra"]
[Result "0-1"]
[ECO "B13"]
[WhiteElo "2233"]
[BlackElo "2130"]
[Annotator "Robot 11"]
[PlyCount "46"]
[EventDate "2015.??.??"]
[EventCountry "GEO"]
[TimeControl "900+10"]

1. e4 c6 2. d4 d5 3. exd5 cxd5 4. c4 Nf6 5. Nc3 Nc6 6. Bg5 Be6 7. Bxf6 exf6 8. Nf3 Bb4 9. Qb3 O-O 10. O-O-O Bxc3 11. Qxc3 a5 12. Kb1 Nb4 13. a3 Bf5+ 14. Ka1 dxc4 15. Bxc4 Qd7 16. b3 b5 17. Kb2 bxc4 18. axb4 axb4 19. Qxb4 c3+ 20. Kxc3 Rfc8+ 21. Kd2 Rc2+ 22. Ke3 Qe6+ 23. Kf4 Qe4+ 0-1

[Event "16th EWICC 2015"]
[Site "Kutaisi"]
[Date "2015.06.02"]
[Round "6"]
[White "Schleining, Zoya"]
[Black "Sviridova, Vlada"]
[Result "1/2-1/2"]
[ECO "D10"]
[WhiteElo "2375"]
[BlackElo "2087"]
[Annotator "Robot 11"]
[PlyCount "107"]
[EventDate "2015.??.??"]
[EventCountry "GEO"]
[TimeControl "900+10"]

1. c4 c6 2. d4 d5 3. cxd5 cxd5 4. Bf4 Nf6 5. Nc3 Nc6 6. e3 Bf5 7. Nf3 e6 8.
Bb5 Bb4 9. Qa4 Bxc3+ 10. bxc3 O-O 11. Bxc6 bxc6 12. Ne5 Ne4 13.
Rc1 Qb6 14. O-O Qb5 15. Qa3 Nd2 16. Rfd1 Nc4 17. Nxc4 Qxc4 18.
Rd2 Rfc8 19. Bd6 a5 20. Rcd1 Qa6 21. Rb2 Bd3 22. Qc5 Bb5 23. f3 Qa7 24. e4 Qxc5 25. Bxc5 f5 26. exf5 exf5 27. Re1 Re8 28. Re5 Rxe5 29. dxe5 Re8 30. f4 a4 31. a3 g5 32. Kf2 Kf7 33. Ke3 g4 34. Kd4 Ke6 35.
Rd2 Rb8 36. Bb4 Rc8 37. Kc5 h5 38. Kb6 Rb8+ 39. Kc7 Ra8 40. c4 Bxc4 41. Kxc6 Rc8+ 42. Kb7 Rg8 43. Bd6 Rg7+ 44. Kb6 Rg8 45. Ka5 Ra8+ 46. Kb4 Ra7 47. g3 Ra8 48. Kc5 Rc8+ 49. Kb4 Ra8 50. Rb2 Bb3 51. Rb1 Rc8 52. Bc5 Ra8 53. Rc1 Bc4 54. Kc3 {[%emt 0:00:04] Kxe5} 1/2-1/2

[Event "16th EWICC 2015"]
[Site "Kutaisi"]
[Date "2015.06.02"]
[Round "6"]
[White "Stefanova, Antoaneta"]
[Black "Mammadova, Gulnar"]
[Result "1/2-1/2"]
[ECO "A06"]
[WhiteElo "2512"]
[BlackElo "2293"]
[Annotator "Robot 11"]
[PlyCount "59"]
[EventDate "2015.??.??"]
[EventCountry "GEO"]
[TimeControl "900+10"]

1. Nf3 d5 2. g3 Nf6 3. Bg2 g6 4. O-O Bg7 5. d4 O-O 6. Be3 Ng4 7. Bf4 Nc6 8.
h3 e5 9. Bg5 f6 10. Bc1 Nh6 11. dxe5 fxe5 12. Ng5 d4 13. c3 Nf7 14. Nxf7 Rxf7 15. Qb3 Ne7 16. f4 e4 17. cxd4 Qxd4+ 18. Kh2 a5 19. Rd1 Qf2 20. Rd8+ Bf8 21. Be3 Qxe2 22. Nc3 Qxe3 23. Qc4 Kg7 24. Nxe4 Be6 25. Qxe6 Rxd8 26. Qe5+ Kh6 27. Qg5+ Kg7 28. Qe5+ Kh6 29. Qg5+ Kg7 30. Qe5+ 1/2-1/2

[Event "16th EWICC 2015"]
[Site "Kutaisi"]
[Date "2015.06.02"]
[Round "6"]
[White "Zaksaite, Salomeja"]
[Black "Melashvili, Nino"]
[Result "1-0"]
[ECO "B01"]
[WhiteElo "2203"]
[BlackElo "2173"]
[Annotator "Robot 11"]
[PlyCount "61"]
[EventDate "2015.??.??"]
[EventCountry "GEO"]
[TimeControl "900+10"]

1. e4 d5 2. exd5 Nf6 3. d4 Nxd5 4. Nf3 Bg4 5. Be2 g6 6. c4 Nb6 7. Be3 Bg7 8.
Nc3 O-O 9. Rc1 c6 10. b3 N8d7 11. O-O Qb8 12. h3 Bxf3 13. Bxf3 e5 14. c5 Nc8 15. d5 cxd5 16. Qxd5 Nf6 17. Qxb7 Qxb7 18. Bxb7 Rb8 19. c6 Nb6 20. a4 Nc8 21. b4 a6 22. b5 axb5 23. axb5 Nd6 24. Ba6 Nf5 25. c7 Ra8 26. b6 Rxa6 27. b7 Raa8 28. bxa8=Q Rxa8 29. Rfd1 Nd4 30. Bxd4 exd4 31. Rxd4 1-0

[Event "16th EWICC 2015"]
[Site "Kutaisi"]
[Date "2015.06.02"]
[Round "6"]
[White "Javakhishvili, Lela"]
[Black "Paehtz, Elisabeth"]
[Result "1/2-1/2"]
[ECO "A42"]
[WhiteElo "2472"]
[BlackElo "2473"]
[Annotator "Robot 11"]
[PlyCount "130"]
[EventDate "2015.??.??"]
[EventCountry "GEO"]
[TimeControl "900+10"]

1. c4 d6 2. d4 g6 3. e4 Bg7 4. Nc3 Nc6 5. d5 Nd4 6. Be3 c5 7. dxc6 Nxc6 8.
Qd2 Nf6 9. f3 O-O 10. Nge2 a5 11. Nf4 a4 12. Rc1 Nd7 13. Be2 Qa5 14. O-O Nc5 15. Rfd1 Be6 16. h4 Nb4 17. h5 a3 18. bxa3 Nc6 19. hxg6 hxg6 20. Nb5 Qxd2 21. Rxd2 Bc8 22. Nd5 f5 23. Nb6 Rb8 24. Nxc8 Rbxc8 25. exf5 gxf5 26. Bxc5 dxc5 27. Rd7 b6 28. Rb1 Rfd8 29. Rxd8+ Rxd8 30. Rd1 Nd4 31. Kf1 Ra8 32. Rd3 Nxb5 33. cxb5 Bd4 34. Bd1 e5 35.
a4 c4 36. Rd2 Kg7 37. f4 Kf6 38. fxe5+ Kxe5 39. Re2+ Kd6 40. Bc2 Rf8 41. g3 Kc5 42. a3 Rg8 43. Rg2 Rg5 44. Ke2 Bb2 45. Kf3 Bxa3 46. Re2 Bb2 47. Re6 Bd4 48. Kf4 Rg4+ 49. Kf3 Kb4 50. Bxf5 Rg7 51. Re4 Kc5 52. Re6 Rf7 53. Ke4 Bg1 54. Rc6+ Kb4 55. Rxc4+ Kxc4 56. Be6+ Kb4 57. Bxf7 Kxa4 58. Be8 Kb4 59. g4 Kc5 60. g5 Bd4 61. g6 Bg7 62. Kf5 Kd6 63. Bc6 Ke7 64. Bd5 Kf8 65. Ke6 Bd4 1/2-1/2

[Event "16th EWICC 2015"]
[Site "Kutaisi"]
[Date "2015.06.02"]
[Round "7"]
[White "Arabidze, Meri"]
[Black "Schleining, Zoya"]
[Result "1-0"]
[ECO "A21"]
[WhiteElo "2403"]
[BlackElo "2375"]
[Annotator "Robot 11"]
[PlyCount "131"]
[EventDate "2015.??.??"]
[EventCountry "GEO"]
[TimeControl "900+10"]

1. c4 e5 2. Nc3 Bb4 3. Nd5 Bc5 4. Nf3 c6 5. Nc3 d6 6. d4 exd4 7. Nxd4 Nf6 8.
e3 O-O 9. Nb3 Bb6 10. Be2 a5 11. O-O Re8 12. Qc2 Na6 13. Rd1 a4 14. Nd4 Nc5 15. Rb1 Qe7 16. b4 axb3 17. axb3 Nce4 18. Na4 Bc7 19. Bf3 Ng5 20. Be2 Nge4 21. Bd3 d5 22. f3 Qd6 23. g3 Ng5 24. Be2 Bd7 25.
cxd5 cxd5 26. Nc5 Bb6 27. Nxd7 Nxd7 28. Kg2 Rac8 29. Qf5 Re5 30. Qg4 h5 31. Qh4 Ne6 32. Bd3 Bd8 33. Nb5 Qb6 34. Qb4 Nec5 35.
Bf1 Ne6 36. Qd2 h4 37. Nd4 hxg3 38. hxg3 Nxd4 39. Qxd4 Rc2+ 40. Rd2 Qc6 41. Bb2 Bb6 42. Qd3 Rxd2+ 43. Qxd2 Bxe3 44. Qd3 d4 45. Ra1 b5 46. Bxd4 Bxd4 47. Qxd4 Rc5 48. Bd3 g6 49. Be4 Qf6 50. Ra8+ Kg7 51. Qxd7 Qb2+ 52. Kh3 Rh5+ 53. Kg4 Qf6 54. f4 Rh2 55. Qe8 Qc3 56. Qe5+ Qxe5 57. fxe5 Rb2 58. Bd5 Rd2 59. Rd8 Rd4+ 60. Kf3 Kh6 61. Ke3 Rd1 62. Rd7 Kg5 63. Ke2 Rd4 64. Bc6 Rb4 65. Rxf7 Rxb3 66. e6 1-0

[Event "16th EWICC 2015"]
[Site "Kutaisi"]
[Date "2015.06.02"]
[Round "7"]
[White "Arakhamia-Grant, Ketevan"]
[Black "Zhukova, Natalia"]
[Result "1/2-1/2"]
[ECO "C70"]
[WhiteElo "2393"]
[BlackElo "2456"]
[Annotator "Robot 11"]
[PlyCount "116"]
[EventDate "2015.??.??"]
[EventCountry "GEO"]
[TimeControl "900+10"]

1. e4 e5 2. Nf3 Nc6 3. Bb5 a6 4. Ba4 Nge7 5. c3 g6 6. O-O Bg7 7. d4 exd4 8.
cxd4 b5 9. Bb3 O-O 10. Nc3 d6 11. h3 Na5 12. Bc2 c5 13. Bg5 h6 14. Bh4 cxd4 15. Nxd4 Bb7 16. Nd5 Bxd5 17. exd5 Rc8 18. Bb3 g5 19. Bg3 Nc4 20. Re1 Nxb2 21. Qd2 Nc4 22. Qd3 Re8 23. Rac1 Qb6 24. Nf5 Nxf5 25. Qxf5 Qd4 26. Red1 Qc5 27. h4 gxh4 28. Bf4 Re2 29. Be3 Rxe3 30. fxe3 Qxe3+ 31. Kh1 Re8 32. Rf1 Qe7 33. Bxc4 bxc4 34. Rxc4 Rf8 35. Rg4 Kh8 36. Rgf4 Kg8 37. Qh5 Qg5 38. Qf3 Qg6 39. Rg4 Qh7 40. Rxh4 Qg6 41. Qf5 Qxf5 42. Rxf5 Rc8 43. Ra4 Rc1+ 44. Kh2 Be5+ 45. Kh3 Kg7 46. Rxa6 f6 47. Rf3 Rh1+ 48. Kg4 Kg6 49. Rb3 Rf1 50. g3 h5+ 51. Kh3 Rf2 52. Ra4 f5 53. Ra8 h4 54. Rg8+ Kf7 55.
Rg5 hxg3 56. Rbxg3 Bxg3 57. Kxg3 Rxa2 58. Rxf5+ Ke7 1/2-1/2

[Event "16th EWICC 2015"]
[Site "Kutaisi"]
[Date "2015.06.02"]
[Round "7"]
[White "Charkhalashvili, Inga"]
[Black "Nikoladze, Sopio"]
[Result "1-0"]
[ECO "A40"]
[WhiteElo "2318"]
[BlackElo "2155"]
[Annotator "Robot 11"]
[PlyCount "167"]
[EventDate "2015.??.??"]
[EventCountry "GEO"]
[TimeControl "900+10"]

1. d4 b5 2. Nf3 Bb7 3. e3 a6 4. c4 b4 5. Bd2 e6 6. a3 bxa3 7. Nxa3 c5 8. Bc3 Nf6 9. Be2 Ne4 10. O-O Nxc3 11. bxc3 Qc7 12. d5 Be7 13. e4 e5 14. Qb3 d6 15. Nc2 O-O 16. Ne3 g6 17. Bd3 Bc8 18. Qc2 Nd7 19. Nd2 a5 20.
Nb1 Nb6 21. Na3 Bd7 22. Rfb1 Ra6 23. Nb5 Qc8 24. Qe2 f5 25. exf5 gxf5 26. f4 e4 27. Bc2 Rf7 28. Ra3 Na8 29. Rba1 Bd8 30. Ba4 Qb8 31. Rb3 Qc8 32. Rab1 Rf6 33. Qh5 Nb6 34. Ra3 Nxa4 35. Rxa4 Kg7 36. Qe2 Rg6 37. Kh1 Ra8 38. Rg1 Ra6 39. Qc2 h5 40. Qe2 Kh6 41. Ra2 Bf6 42.
Rga1 Bd8 43. Rb1 Be8 44. Rab2 Qd7 45. Na3 Ra8 46. Rb7 Qc8 47. Qb2 Rg7 48. Rxg7 Kxg7 49. Qb7+ Qxb7 50. Rxb7+ Kf6 51. Kg1 a4 52. Kf2 Ba5 53. Nd1 Ra6 54. Ke3 Rb6 55. Rxb6 Bxb6 56. Kd2 Ba5 57. Ne3 h4 58. Kc2 Bd7 59. Kb2 Ke7 60. Nb1 Kd8 61. Na3 Kc7 62. Nb1 Kb7 63. Na3 Bd8 64. Nb5 Be7 65. Na3 Ka6 66. Nb1 Ka5 67. Nd2 Bf6 68. Nb1 Bd4 69.
cxd4 cxd4 70. Nc2 d3 71. Ne3 Kb4 72. Na3 Bc8 73. Nb5 Kc5 74. Kc3 Bd7 75. Nd4 a3 76. Nb3+ Kb6 77. Kb4 a2 78. Ka3 Ka6 79. Kxa2 Kb6 80. Kb2 Kc7 81. Kc3 Kd8 82. Nd4 Ke7 83. Ndxf5+ Kf6 84. Nxd6 1-0

[Event "16th EWICC 2015"]
[Site "Kutaisi"]
[Date "2015.06.02"]
[Round "7"]
[White "Choladze, Mariam"]
[Black "Zaksaite, Salomeja"]
[Result "1-0"]
[ECO "C91"]
[WhiteElo "1989"]
[BlackElo "2203"]
[Annotator "Robot 11"]
[PlyCount "73"]
[EventDate "2015.??.??"]
[EventCountry "GEO"]
[TimeControl "900+10"]

1. e4 e5 2. Nf3 Nc6 3. Bb5 a6 4. Ba4 Nf6 5. O-O Be7 6. Re1 b5 7. Bb3 d6 8. c3 O-O 9. d4 Bg4 10. Be3 exd4 11. cxd4 Na5 12. Bc2 Nc4 13. Bc1 c5 14. b3 Nb6 15. Bb2 c4 16. Nbd2 d5 17. e5 Nfd7 18. Nf1 Rc8 19. Ne3 Be6 20. Nf5 Bb4 21. Re2 Re8 22. Bc1 Bf8 23. Ng5 Rc6 24. Nxh7 cxb3 25. Bd3 g6 26. Bg5 Qc8 27. Nxf8 Nxf8 28. Ne7+ Rxe7 29. Bxe7 bxa2 30. Rexa2 Na4 31. Qd2 Bf5 32. Ra3 Nh7 33. Bxf5 Qxf5 34. Rh3 Rc2 35. Qe1 Ng5 36. Bxg5 Qxg5 37. e6 1-0

[Event "16th EWICC 2015"]
[Site "Kutaisi"]
[Date "2015.06.02"]
[Round "7"]
[White "Gaponenko, Inna"]
[Black "Gunina, Valentina"]
[Result "0-1"]
[ECO "B14"]
[WhiteElo "2391"]
[BlackElo "2535"]
[Annotator "Robot 11"]
[PlyCount "62"]
[EventDate "2015.??.??"]
[EventCountry "GEO"]
[TimeControl "900+10"]

1. e4 c6 2. d4 d5 3. exd5 cxd5 4. c4 Nf6 5. Nc3 g6 6. Qb3 Bg7 7. cxd5 O-O 8.
Nge2 b5 9. g3 Na6 10. Bg2 b4 11. Nd1 e6 12. Bg5 Bb7 13. Ne3 exd5 14. O-O Qb6 15. Bxf6 Qxf6 16. Nxd5 Qd6 17. Nf6+ Bxf6 18. Bxb7 Rae8 19. Rfe1 Nc7 20. a3 Rb8 21. Bf3 Ne6 22. axb4 Rxb4 23. Qd5 Qb8 24. Bg4 Nxd4 25. Ra6 Bg7 26. Nxd4 Rxd4 27. Qf3 Qb4 28. Rea1 Rxg4 29. Rxa7 Rg5 30. Ra8 Rf5 31. Rxf8+ Bxf8 0-1

[Event "16th EWICC 2015"]
[Site "Kutaisi"]
[Date "2015.06.02"]
[Round "7"]
[White "Gaprindashvili, Nona"]
[Black "Khomeriki, Ketevan"]
[Result "1-0"]
[ECO "A42"]
[WhiteElo "2302"]
[BlackElo "1861"]
[Annotator "Robot 11"]
[PlyCount "107"]
[EventDate "2015.??.??"]
[EventCountry "GEO"]
[TimeControl "900+10"]

1. d4 g6 2. c4 d6 3. Nc3 Bg7 4. e4 f5 5. exf5 Bxf5 6. Nge2 Nf6 7. Ng3 Bd7 8.
Be2 O-O 9. O-O Nc6 10. d5 Ne5 11. f4 Nf7 12. f5 gxf5 13. Nxf5 Bxf5 14. Rxf5 c6 15. Be3 cxd5 16. cxd5 Nh6 17. Rg5 Qd7 18. Bd4 Kh8 19. Qd3 Nf7 20. Rg3 Ne5 21. Qe3 Nf7 22. Rf1 Rg8 23. Qd3 Ne5 24. Bxe5 dxe5 25. Rh3 e4 26. Qxe4 Nxe4 27. Nxe4 Bd4+ 28. Kh1 Qxd5 29. Bd3 Rg7 30. Ng3 Bf6 31. Be4 Qb5 32. Rd1 Rag8 33. Nf5 Qe2 34. Bf3 Qe6 35. Nxg7 Bxg7 36. Bd5 Qe2 37. Bf3 Qxb2 38. Be4 h6 39. Rb3 Qe2 40.
Bf3 Qf2 41. Rxb7 Bd4 42. Rxe7 Qh4 43. Re4 Qf2 44. Rexd4 Qxa2 45.
Rd7 a5 46. h3 a4 47. Bd5 Qc2 48. Bxg8 Kxg8 49. Re1 Kf8 50. Ra7 Qf2 51. Rae7 a3 52. Re8+ Kf7 53. R1e7+ Kg6 54. Rg8+ 1-0

[Event "16th EWICC 2015"]
[Site "Kutaisi"]
[Date "2015.06.02"]
[Round "7"]
[White "Gevorgyan, Maria"]
[Black "Galliamova, Alisa"]
[Result "0-1"]
[ECO "B24"]
[WhiteElo "2190"]
[BlackElo "2478"]
[Annotator "Robot 11"]
[PlyCount "68"]
[EventDate "2015.??.??"]
[EventCountry "GEO"]
[TimeControl "900+10"]

1. e4 c5 2. Nc3 Nc6 3. Bb5 g6 4. Bxc6 bxc6 5. d3 Bg7 6. Be3 d6 7. Qd2 Rb8 8. Rb1 e5 9. Nge2 f5 10. f4 Qh4+ 11. Bf2 Qe7 12. O-O fxe4 13.
dxe4 Ba6 14. Rfd1 Rd8 15. f5 gxf5 16. exf5 Nf6 17. Ng3 d5 18.
Na4 d4 19. Re1 O-O 20. Qg5 h6 21. Qh4 Rde8 22. Ne4 Nxe4 23. Qxe4 Bc4 24. Qxc6 Rc8 25. Qe4 Qd7 26. f6 Rxf6 27. b3 Bd5 28. Qh4 e4 29. Rbd1 e3 30.
Bxe3 dxe3 31. c4 Qf5 32. Rf1 e2 33. Qxf6 exf1=Q+ 34. Rxf1 Qxf6 0-1

[Event "16th EWICC 2015"]
[Site "Kutaisi"]
[Date "2015.06.02"]
[Round "7"]
[White "Giorgadze, Elene"]
[Black "Donghvani, Nia"]
[Result "0-1"]
[ECO "B76"]
[WhiteElo "1185"]
[BlackElo "1444"]
[Annotator "Robot 11"]
[PlyCount "52"]
[EventDate "2015.??.??"]
[EventCountry "GEO"]
[TimeControl "900+10"]

1. e4 c5 2. Nf3 d6 3. d4 cxd4 4. Nxd4 Nf6 5. Nc3 g6 6. Be3 Bg7 7. f3 O-O 8.
Qd2 Nc6 9. O-O-O d5 10. Nxc6 bxc6 11. exd5 Nxd5 12. Nxd5 cxd5 13.
Qxd5 Qc7 14. Qxa8 Bf5 15. Qxf8+ Kxf8 16. Rd2 Qb8 17. c3 Bxc3 18. Rf2 Bg7 19. g3 Qe5 20. Be2 Qxe3+ 21. Kd1 Qxf2 22. Rf1 Qd4+ 23. Ke1 Qe3 24. Rh1 Bd3 25. Kf1 Qxe2+ 26. Kg1 Bd4# 0-1

[Event "16th EWICC 2015"]
[Site "Kutaisi"]
[Date "2015.06.02"]
[Round "7"]
[White "Gognadze, Tsira"]
[Black "Choladze, Tea"]
[Result "0-1"]
[ECO "B76"]
[WhiteElo "1144"]
[BlackElo "1755"]
[Annotator "Robot 11"]
[PlyCount "50"]
[EventDate "2015.??.??"]
[EventCountry "GEO"]
[TimeControl "900+10"]

1. e4 c5 2. Nf3 d6 3. d4 cxd4 4. Nxd4 Nf6 5. Nc3 g6 6. f3 Bg7 7. Be3 O-O 8.
Qd2 Nc6 9. Nb3 Be6 10. O-O-O a5 11. Nd5 Bxd5 12. exd5 Nb4 13. c4 Nxa2+ 14. Kb1 Nb4 15. g4 Qd7 16. h4 Qa4 17. Nc1 Rfc8 18. b3 Qd7 19. Nd3 Nbxd5 20. g5 Nxe3 21. gxf6 Nxf1 22. Qf2 Bxf6 23. Rdxf1 a4 24. Rfg1 axb3 25. Qe3 Ra1# 0-1

[Event "16th EWICC 2015"]
[Site "Kutaisi"]
[Date "2015.06.02"]
[Round "7"]
[White "Guramishvili, Sopiko"]
[Black "Batsiashvili, Nino"]
[Result "0-1"]
[ECO "A04"]
[WhiteElo "2370"]
[BlackElo "2473"]
[Annotator "Robot 11"]
[PlyCount "150"]
[EventDate "2015.??.??"]
[EventCountry "GEO"]
[TimeControl "900+10"]

1. Nf3 f5 2. g3 Nf6 3. Bg2 g6 4. d4 Bg7 5. O-O O-O 6. b3 d6 7. Bb2 c6 8. c4 a5 9. Nc3 Na6 10. Qc2 Bd7 11. Rac1 Qc7 12. a3 Rae8 13. e4 fxe4 14. Nxe4 Nxe4 15. Qxe4 Nc5 16. Qe3 a4 17. b4 Nb3 18. Rc2 Bf5 19. Re2 Qd7 20. Nd2 Bg4 21. f3 Nxd2 22. Qxd2 Bh3 23. Rfe1 Bxg2 24. Kxg2 e6 25. Qc2 b5 26. Qd3 d5 27. cxb5 cxb5 28. Bc1 Rc8 29. Bf4 Rc4 30. Rxe6 Rxd4 31. Qe3 Rc4 32. Re7 Qf5 33. Rxg7+ Kxg7 34. Bh6+ Kg8 35. Bxf8 Qxf8 36. Re2 Qf7 37. Qb6 Qd7 38. Qb8+ Rc8 39. Qe5 d4 40.
Rd2 d3 41. Qe4 Rc3 42. Qa8+ Kg7 43. Qe4 Rxa3 44. Qe5+ Kf7 45. Qf4+ Qf5 46. Qc7+ Kg8 47. Qd8+ Kg7 48. Qe7+ Kg8 49. Qd8+ Kf7 50. Qc7+ Ke6 51. Qc6+ Ke7 52. Qc7+ Qd7 53. Qe5+ Qe6 54. Qc7+ Kf8 55. Qd8+ Qe8 56. Qd6+ Qe7 57. Qf4+ Kg8 58. Qb8+ Kg7 59. Qxb5 Qe3 60. Qd7+ Kh6 61. Qh3+ Kg5 62. Qg4+ Kf6 63. Qh4+ Kg7 64. Rf2 d2 65. Qd8 Rd3 66. Qc7+ Kh6 67. Qb8 Qd4 68. Qf8+ Qg7 69. Qf4+ g5 70. Qe4 d1=Q 71. h4 Rd5 72. Qe6+ Qg6 73. Qe7 gxh4 74. Qxh4+ Kg7 75. Qe7+ Qf7 0-1

[Event "16th EWICC 2015"]
[Site "Kutaisi"]
[Date "2015.06.02"]
[Round "7"]
[White "Javakhishvili, Lela"]
[Black "Stefanova, Antoaneta"]
[Result "1/2-1/2"]
[ECO "D11"]
[WhiteElo "2472"]
[BlackElo "2512"]
[Annotator "Robot 11"]
[PlyCount "108"]
[EventDate "2015.??.??"]
[EventCountry "GEO"]
[TimeControl "900+10"]

1. d4 d5 2. c4 c6 3. Nf3 Nf6 4. e3 Bg4 5. Qb3 Qb6 6. Nc3 e6 7. Nh4 Be7 8. h3 Bh5 9. g4 Bg6 10. Nxg6 hxg6 11. g5 Ne4 12. Nxe4 dxe4 13. Qc2 Qa5+ 14. Bd2 Bb4 15. Rg1 Rh4 16. a3 Bxd2+ 17. Qxd2 Qxd2+ 18.
Kxd2 Nd7 19. Rg4 Rxg4 20. hxg4 f5 21. gxf6 gxf6 22. Bg2 f5 23. Rh1 Nf8 24. f3 exf3 25. Bxf3 Rd8 26. b4 a6 27. Kc3 Rd7 28.
gxf5 gxf5 29. a4 Kd8 30. Rh8 Rf7 31. Rg8 Kc7 32. Bh5 Rh7 33. Rxf8 Rxh5 34. Rf7+ Kc8 35. Re7 Rh6 36. c5 Rf6 37. Kc4 f4 38. exf4 Rxf4 39. Rxe6 Rf1 40. Re3 Ra1 41. a5 Rd1 42. Rd3 Rc1+ 43. Kb3 Rb1+ 44. Kc3 Kc7 45. d5 cxd5 46. Rxd5 Rc1+ 47. Kb2 Rc4 48. Kb3 Rc1 49. Rd3 Kc6 50. Rd6+ Kc7 51. Rg6 Kd7 52. Kb2 Rc4 53. Kb3 Rc1 54. Rb6 Kc7 1/2-1/2